Map: Ever Dream LE

Players

Kakarott - Winner!

  • Race: Terran Terran
  • League: Diamond
  • Spawn Location: 1:00

Boreal

  • Race: Protoss Protoss
  • League: Diamond
  • Spawn Location: 7:00

VOD

Have the link to the VOD?

Description

Time

  • Played on: May 1, 2020, 1:14 a.m.
  • Length: 7:59
Show
View Real Time Build Order
Export as new Build Order

Kakarott Terran - Winner!

Build Orders:  

Get SALT Encoding   

  12  0:01  SCV  
  13  0:15  SCV  
  14  0:23  Supply Depot  
  14  0:28  SCV  
  15  0:45  Barracks, SCV  
  16  0:50  Refinery  
  16  0:57  SCV  
  16  1:00  Refinery  
  17  1:09  SCV  
  18  1:21  SCV  
  19  1:33  Reaper, SCV  
  21  1:48  Command Center  
  21  1:55  Orbital Command  
  21  2:17  Factory  
  21  2:22  SCV  
  22  2:25  Supply Depot  
  22  2:34  SCV  
  23  2:44  Barracks Reactor  
  23  2:47  SCV  
  23  2:48  Bunker  
  24  2:59  SCV  
  24  3:00  Orbital Command  
  24  3:04  Hellion  
  27  3:06  Starport  
  27  3:09  Engineering Bay  
  27  3:11  SCV  
  28  3:23  SCV  
  29  3:30  SCV  
  30  3:34  Barracks Tech Lab  
  30  3:35  SCV  
  35  3:41  Widow Mine x2  
  35  3:43  Missile Turret  
  35  3:47  Missile Turret  
  35  3:50  Medivac  
  35  3:52  Combat Shield  
  35  3:55  SCV x2  
  39  4:02  Barracks  
  39  4:05  Widow Mine  
  37  4:15  SCV  
  37  4:16  SCV  
  37  4:27  SCV  
  37  4:28  SCV  
  37  4:36  Terran Infantry Weapons Level 1  
  37  4:38  Command Center  
  37  4:39  SCV  
  37  4:40  SCV  
  37  4:42  Refinery  
  39  4:49  Barracks Reactor  
  39  4:51  SCV  
  40  4:58  SCV  
  41  5:01  Barracks  
  41  5:03  SCV  
  42  5:09  Marine  
  42  5:10  SCV  
  44  5:15  SCV  
  45  5:22  SCV  
  46  5:40  SCV x2  
  46  5:44  Marine x2  
  46  5:46  Marine  
  46  5:48  Stimpack  
  45  5:50  Widow Mine x2  
  45  5:53  SCV x2  
  45  5:55  Supply Depot  
  49  5:59  Supply Depot  
  49  6:00  Barracks Reactor  
  49  6:02  Marine x2  
  51  6:04  Marine  
  51  6:05  Orbital Command, SCV x2  
  54  6:17  Starport Reactor  
  54  6:19  Widow Mine x2  
  54  6:20  Marine x2  
  54  6:23  Marauder  
  62  6:29  Barracks  
  62  6:30  Barracks  
  62  6:33  Armory  
  62  6:37  Marine x2, SCV  
  64  6:40  Marine  
  64  6:44  Marauder  
  64  6:45  Marine  
  66  6:55  Marine x2  
  66  6:58  Marine  
  69  7:03  Marine  
  69  7:05  Marauder  
  72  7:13  Marine x2  
  74  7:16  Marine  
  74  7:21  Marine  
  76  7:26  Marine  
  77  7:31  Marine  
Show
View Real Time Build Order
Export as new Build Order

Boreal Protoss 

Build Orders: Oracle Opening 

Get SALT Encoding   

  12  0:00  Probe  
  13  0:12  Probe  
  14  0:18  Pylon  
  14  0:24  Probe  
  15  0:37  Probe (Chrono Boost)  
  15  0:41  Gateway  
  16  0:48  Probe (Chrono Boost)  
  17  0:51  Assimilator  
  17  0:52  Probe (Chrono Boost)  
  18  1:05  Probe  
  19  1:17  Probe  
  20  1:23  Pylon  
  20  1:29  Cybernetics Core  
  20  1:30  Zealot (Chrono Boost)  
  22  1:40  Probe  
  23  1:47  Assimilator  
  23  1:54  Probe  
  24  2:05  Stalker (Chrono Boost)  
  26  2:09  Shield Battery  
  26  2:10  Probe  
  26  2:11  Warp Gate  
  27  2:22  Shield Battery  
  27  2:24  Probe  
  28  2:31  Pylon  
  28  2:37  Stargate  
  28  2:38  Probe  
  29  2:51  Probe  
  30  2:56  Zealot  
  32  3:02  Pylon  
  32  3:03  Probe  
  33  3:15  Probe  
  34  3:24  Oracle (Chrono Boost)  
  36  3:35  Nexus  
  36  3:42  Probe  
  37  3:50  Robotics Facility  
  37  3:54  Probe  
  38  4:07  Probe  
  39  4:19  Probe  
  39  4:22  Gateway  
  40  4:24  Gateway, Phoenix (Chrono Boost)  
  40  4:31  Probe  
  43  4:40  Robotics Bay  
  43  4:45  Probe (Chrono Boost)  
  44  4:50  Probe (Chrono Boost)  
  45  4:59  Probe (Chrono Boost), Phoenix (Chrono Boost)  
  49  5:00  Probe (Chrono Boost)  
  49  5:04  Probe (Chrono Boost)  
  50  5:07  Probe  
  41  5:16  Probe  
  41  5:19  Probe  
  43  5:21  Phoenix (Chrono Boost)  
  45  5:28  Probe  
  46  5:39  Phoenix  
  48  5:46  Probe x2 (Chrono Boost)  
  48  5:58  Probe (Chrono Boost)  
  48  6:04  Probe (Chrono Boost), Phoenix  
  50  6:06  Probe (Chrono Boost)  
  50  6:10  Probe (Chrono Boost)  
  54  6:11  Colossus  
  54  6:12  Probe  
  54  6:15  Assimilator  
  61  6:18  Pylon  
  61  6:22  Probe  
  62  6:28  Probe  
  62  6:29  Phoenix  
  61  6:34  Probe  
  62  6:40  Probe  
  63  6:47  Probe  
  63  6:50  Assimilator  
  63  6:52  Probe  
  65  7:04  Probe x2  
  65  7:06  Nexus  
  67  7:12  Pylon  
  67  7:14  Pylon  
  67  7:18  Twilight Council  
  67  7:20  Forge  
  67  7:28  Zealot  
Tags
 
Add a new tag
Caveats
  • Supply blocks, unpowered buildings, or Contaminate may cause inaccurate times.
  • Supply counts are checked every 10 seconds.